 Dungeon Crawl Stone Soup version 0.30-a0-879-ga8ba668304 (webtiles) character file.

Game seed: 6677477965030621308

112 lessens the Cudgeller (level 4, -1/25 HPs)
             Began as a Gargoyle Artificer on Mar 13, 2023.
             Was an Initiate of Okawaru.
             Frozen to death by an endoplasm (4 damage)
             ... on level 3 of the Dungeon.
             The game lasted 00:03:42 (2891 turns).

lessens the Cudgeller (Gargoyle Artificer)          Turns: 2891, Time: 00:03:43

Health: -1/25      AC:  9    Str: 17    XL:     4   Next: 93%
Magic:  4/4        EV: 10    Int: 12    God:    Okawaru [......]
Gold:   115        SH:  0    Dex: 10    Spells: 3/3 levels left

rFire   . . .      SeeInvis .    g - +0 mace
rCold   . . .      Faith    .    (no shield)
rNeg    + . .      Spirit   .    i - +0 ring mail
rPois   ∞          Reflect  .    (no helmet)
rElec   +          Rampage  .    (no cloak)
rCorr   .                        (no gloves)
Will    .....                    (no boots)
Stlth   +                        (no amulet)
HPRegen 0.24/turn                (no ring)
MPRegen 0.09/turn                (no ring)

@: mighty
A: sickness immunity, AC +3, negative energy resistance 1, electricity
resistance, torment resistance 1, petrification resistance
a: Renounce Religion


You were on level 3 of the Dungeon.
You worshipped Okawaru.
Okawaru was noncommittal.
You visited 1 branch of the dungeon, and saw 4 of its levels.

You collected 115 gold pieces.

Inventory:

Hand Weapons
 a - a +0 club
 g - a +0 mace (weapon)
Missiles
 j - 24 stones
Armour
 b - a +0 leather armour
 i - a +0 ring mail (worn)
Jewellery
 h - a ring of ice
Wands
 c - a wand of flame (15) (quivered)
 d - a wand of charming (15)
 e - a wand of iceblast (5)
Scrolls
 k - 3 scrolls of teleportation
 m - a scroll of enchant weapon {unknown}
 q - a scroll of poison {unknown}
 t - a scroll of fear {unknown}
 v - a scroll of blinking {unknown}
 x - a scroll of identify
 y - a scroll of amnesia {unknown}
 z - a scroll of fog {unknown}
Potions
 f - a potion of mutation {unknown}
 l - 2 potions of haste
 n - 2 potions of flight {unknown}
 o - 2 potions of resistance {unknown}
 p - 4 potions of attraction
 r - a potion of degeneration {unknown}
 s - 2 potions of might
 u - a potion of berserk rage {unknown}
 w - a potion of curing {unknown}


   Skills:
 - Level 1.1 Fighting
 + Level 4.3 Maces & Flails
 - Level 2.1 Armour
 - Level 0.7 Dodging
 - Level 1.1 Stealth
 - Level 2.6 Evocations


You had 3 spell levels left.
You didn't know any spells.
Your spell library was empty.

Dungeon Overview and Level Annotations

Branches:
Dungeon (4/15) Zot: 21061
 Temple: D:4-7

Altars:
Okawaru

Shops:
D:1 [


Innate Abilities, Weirdness & Mutations

You are immune to sickness and miasma.
Your stone body is resilient. (AC +3)
You are immune to poison.
You resist negative energy. (rN+)
You are resistant to electric shocks. (rElec)
You are resistant to unholy torment.
You are immune to petrification.


Message History

The endoplasm attacks as you move away! The endoplasm barely misses you.
The adder attacks as you move away! The adder bites you but does no damage.
The adder completely misses you.
There is a stone staircase leading up here.
The endoplasm closely misses you. The adder bites you but does no damage.
The bullfrog hits you.
You climb upwards.
There is a stone staircase leading down here.
You closely miss the adder.
The adder is heavily wounded.
The adder closely misses you. The endoplasm freezes you.
You are frozen.
You hit the adder.
The adder is severely wounded.
The adder bites you but does no damage. The endoplasm misses you.
The adder bites you but does no damage.
You hit the adder.
The adder is almost dead.
The adder bites you. The endoplasm freezes you.
You are frozen.
* * * LOW HITPOINT WARNING * * *
The adder barely misses you.
You closely miss the adder.
The adder is almost dead.
The endoplasm closely misses you. The adder closely misses you.
The endoplasm freezes you.
You are frozen.
* * * LOW HITPOINT WARNING * * *
It was a potion of might.
You feel very mighty all of a sudden. The adder bites you but does no damage.
The endoplasm misses you. The adder closely misses you.
You thump the adder!
You kill the adder!
Okawaru accepts your kill. The endoplasm freezes you.
You are frozen.
You die...

..###
#.# ###
#.# ..#
#.# 8.#
#.# ..#
#.# ≈≈#
#.#
≈g####
#.#
≈≈#..#
#.######
..##.#
#.....@#
..##.#
######J#
..##.#
#.#
..##)#
#.#
..##.#
#.#
.###.#
#.# ##
#.# #.#
.###.#
#.#
.....#
#.#


You could see an endoplasm.

Vanquished Creatures
  Terence (D:3)
  4 adders
  A dart slug (D:3)
  3 orcs (D:3)
  3 ball pythons
  5 endoplasms
  3 giant cockroaches
  5 goblins
  7 hobgoblins
  2 jackals (D:3)
  5 kobolds
  A quokka (D:1)
  5 bats
  2 frilled lizards
  4 rats
51 creatures vanquished.

Notes
Turn   | Place    | Note
-------+----------+-------------------------------------------
     0 | D:1      | lessens the Gargoyle Artificer began the quest for the Orb.
     0 | D:1      | Reached XP level 1. HP: 12/12 MP: 1/1
    69 | D:1      | Reached skill level 1 in Maces & Flails
   153 | D:1      | Reached XP level 2. HP: 13/16 MP: 2/2
   219 | D:1      | Found Feddeb's Antique Armour Boutique.
   331 | D:1      | Reached skill level 2 in Maces & Flails
   652 | D:1      | Reached XP level 3. HP: 15/20 MP: 3/3
   971 | D:2      | Found a faded altar of an unknown god.
  1083 | D:2      | Reached skill level 3 in Maces & Flails
  1528 | D:2      | Reached XP level 4. HP: 22/25 MP: 4/4
  2173 | D:3      | Noticed Terence
  2191 | D:3      | Killed Terence
  2192 | D:3      | Reached skill level 4 in Maces & Flails
  2737 | D:3      | Found an iron altar of Okawaru.
  2754 | D:3      | Became a worshipper of Warmaster Okawaru
  2879 | D:4      | Noticed a bullfrog
  2891 | D:3      | Frozen to death by an endoplasm

Illustrated notes

Levels and vault maps discovered:
D:1:      dpeg_arrival_boxes_within_box, layout_rooms, serial_shops,
          nicolae_shop_waterfront, kennysheep_crisscross
D:2:      layout_basic, chequers_ecumenical_altar_simple
D:3:      layout_loops_ring, kennysheep_okawaru_gauntlet, grunt_ministairs_4,
          uniq_terence
D:4:      layout_rooms, mainiacjoe_overflow_small_starburst, serial_shops,
          kennysheep_mini

Skill      XL: |  1  2  3  4 |
---------------+-------------+-----
Maces & Flails | 1 2 3 4 |  4.3
Fighting       | |  1.1
Armour         | |  2.1
Dodging        | |  0.7
Stealth        | |  1.1
Evocations     | |  2.6

Action                     |  1- 3 |  4- 6 || total
---------------------------+-------+-------++-------
  Melee: Club              |    49 |       ||    49
         Mace              |    74 |    75 ||   149
         Punch             |     2 |       ||     2
    Use: Scroll            |       |     3 ||     3
         Potion            |       |     1 ||     1
 Armour: Leather armour    |    15 |       ||    15
         Ring mail         |    41 |    61 ||   102
  Dodge: Dodged            |    83 |    80 ||   163

Table legend: (Time is in decaauts)
 A = Elapsed time spent in this place.
 B = Non-inter-level travel time spent in this place.
 C = Inter-level travel time spent in this place.
 D = Time resting spent in this place.
 E = Time spent auto-exploring this place.
 F = Levels seen in this place.
 G = Mean time per level.
                   A        B        C        D        E       F      G
               +--------+--------+--------+--------+--------+-----+--------+
         Total |   2937 |   2866 |     71 |      2 |   2362 |   4 |  734.2 |
       Dungeon |   2937 |   2866 |     71 |      2 |   2362 |   4 |  734.2 |
               +--------+--------+--------+--------+--------+-----+--------+

Top non-repeatable levels by time:
     D:2: 1006 daAuts
     D:1: 990 daAuts
     D:3: 926 daAuts
     D:4: 14 daAuts
